 Dungeon Sprint DCSS version 0.27.0-1-g7a089689b8 (webtiles) character file.

Game seed: 4475523645748548109

70 fozzywoppz the Digger (level 4, -2/42 HPs)
             Began as a Troll Earth Elementalist on Aug 7, 2021.
             Slain by a gnoll sergeant (6 damage)
             ... in the Dungeon (Sprint IX: "|||||||||||||||||||||||||||||").
             The game lasted 00:01:56 (47 turns).

fozzywoppz the Digger (Troll Earth Elementalist)      Turns: 47, Time: 00:01:57

Health: -2/42      AC:  4    Str: 16    XL:     4   Next: 4%
Magic:  6/6        EV: 10    Int: 12    God:
Gold:   0          SH:  0    Dex: 10    Spells: 6/7 levels left

rFire    . . .     SeeInvis .   (no weapon)
rCold    . . .     Faith    .   (no shield)
rNeg     . . .     Spirit   .   b - +0 robe
rPois    .         Reflect  .   (helmet restricted)
rElec    .         Harm     .   (no cloak)
rCorr    .         Rampage  .   (gloves unavailable)
Will     .....     NoTele   +   (boots unavailable)
Stlth    +.........             (no amulet)
HPRegen  1.14/turn              (no ring)
MPRegen  0.10/turn              (no ring)

@: lethally poisoned (-2 -> -7), on berserk cooldown, slowed, very slow
A: large, unfitting armour, claws 3, regeneration 1, shaggy fur 1, tough skin 1
a: no special abilities


You were in the Dungeon.
You visited 1 branch

Inventory:

Missiles
 i - 30 stones
Armour
 b - a +0 robe (worn)
Scrolls
 h - a scroll of blinking
Potions
 c - a potion of curing
 e - a potion of haste
 f - 2 potions of magic


   Skills:
 + Level 2.1 Fighting
 + Level 3.0 Dodging
 - Level 1.0 Stealth
 - Level 2.0 Spellcasting
 - Level 2.0 Transmutations
 + Level 5.6 Earth Magic


You had 6 spell levels left.
You knew the following spells:

 Your Spells              Type           Power      Damage    Failure   Level
a - Sandblast             Erth           28%        2d8       2%          1

Your spell library contained the following spells:

 Spells                   Type           Power      Damage    Failure   Level
 Passwall                 Tmut/Erth      8%         N/A       9%          2
 Stone Arrow              Conj/Erth      16%        3d8       26%         3
 Petrify                  Tmut/Erth      10%        N/A       50%         4


Dungeon Overview and Level Annotations

Branches:
Dungeon (1/1)

Altars:


Innate Abilities, Weirdness & Mutations

You are too large for most types of armour.
You have claws for hands.
Your natural rate of healing is unusually fast.
You are covered in fur. (AC +1)
You have tough skin. (AC +1)


Message History

You see here a hound corpse.
You closely miss the hound.
You feel sick. The hound bites you.
The gnoll sergeant hits you from afar with a +2 trident of venom!
You are more poisoned.
You barely miss the hound.
You feel very sick. The hound bites you.
You claw the hound!
The hound is severely wounded.
You feel very sick. The hound bites you but does no damage.
The gnoll sergeant closely misses you.
You claw the hound!
You kill the hound!
You feel very sick.
Your Fighting skill gained 2 levels and is now at level 2!
Your Dodging skill increases to level 3!
You have reached level 4!
You feel sick. The gnoll sergeant barely misses you.
You feel a strong urge to attack something.
You feel very sick.
The gnoll sergeant hits you with a +2 trident of venom.
* * * LOW HITPOINT WARNING * * *
You are more poisoned.
You see here a hound corpse.
You scratch the gnoll sergeant but do no damage.
* * * LOW HITPOINT WARNING * * *
You feel very sick.
You closely miss the gnoll sergeant.
* * * LOW HITPOINT WARNING * * *
You feel very sick. The gnoll sergeant closely misses you.
You scratch the gnoll sergeant.
The gnoll sergeant is lightly wounded.
You are no longer berserk.
You are exhausted.
You feel yourself slow down.
* * * LOW HITPOINT WARNING * * *
You feel very sick.
The gnoll sergeant hits you with a +2 trident of venom.
You die... ▓▓▓▓▓▓▓▓▓▓▓▓▓▓▓▓▓▓ ▓<...'.....†@gZZ.+ ▓▓▓▓▓▓▓▓▓▓▓▓▓▓▓▓▓▓

You could see a gnoll sergeant, an adder skeleton and a quokka skeleton.

Vanquished Creatures
  2 hounds (D)
  3 bats (D)
  An endoplasm (D)
  A hobgoblin (D)
7 creatures vanquished.

Notes
Turn   | Place    | Note
-------+----------+-------------------------------------------
     0 | D        | fozzywoppz the Troll Earth Elementalist began the quest for
                  | the Orb.
     0 | D        | Reached XP level 1. HP: 16/16 MP: 1/1
     6 | D        | Reached skill level 1 in Transmutations
     8 | D        | Reached skill level 3 in Earth Magic
    21 | D        | Noticed a hound
    21 | D        | Noticed a hound
    21 | D        | Noticed a gnoll sergeant
    37 | D        | Killed a hound
    38 | D        | Reached skill level 5 in Earth Magic
    38 | D        | Reached XP level 2. HP: 26/26 MP: 4/4
    38 | D        | Reached XP level 3. HP: 32/32 MP: 5/5
    43 | D        | Reached XP level 4. HP: 20/42 MP: 6/6
    47 | D        | Slain by a gnoll sergeant

Illustrated notes

Levels and vault maps discovered:
D:        linesprint [early_d, line_temple, items_1, d_10, items_2, lair_1,
          lair_end, items_3, orc_1, orc_end, items_4, d_15, swamp_1, shoals_1,
          snake_1, spider_1, d_20, vaults_1, items_5, swamp_end, shoals_end,
          snake_end, spider_end, vaults_end, d_27, items_6, zot_1, zot_end,
          crypt_end, forest_end, elf_end, slime_end, tomb_end, abyss_end,
          pan_hell_end]

Skill      XL: |  1  2  3 |
---------------+----------+-----
Transmutations | 2 |  2.0
Earth Magic    | 5 |  5.6
Dodging        | 2 3 |  3.0
Spellcasting   | 2 |  2.0
Fighting       | 2 |  2.1
Stealth        | |  1.0

Action                   |  1- 3 |  4- 6 || total
-------------------------+-------+-------++-------
Melee: Unarmed           |    29 |     3 ||    32
  Use: Potion            |     2 |       ||     2
 Stab: Sleeping          |     1 |       ||     1
Armor: Robe              |    13 |       ||    13
Dodge: Dodged            |    18 |     2 ||    20
